 Dungeon Crawl Stone Soup version 0.30-a0-1043-g60ff8d5f49 (webtiles) character file.

Game seed: 10908369436049694171

169 BlueFish the Grasshopper (level 5, -7/35 HPs)
             Began as an Octopode Warper on Apr 10, 2023.
             Succumbed to Ijyb's poison
             ... on level 3 of the Dungeon.
             The game lasted 00:05:07 (2114 turns).

BlueFish the Grasshopper (Octopode Warper)          Turns: 2114, Time: 00:05:07

Health: -7/35      AC:  1    Str: 13    XL:     5   Next: 50%
Magic:  8/8        EV: 13    Int: 15    God:
Gold:   188        SH:  0    Dex: 11    Spells: 1/8 levels left

rFire   . . .      SeeInvis +      - Unarmed
rCold   . . .      Faith    .    (no shield)
rNeg    . . .      Spirit   .    (helmet restricted)
rPois   .          Reflect  .    (no amulet)
rElec   .          Rampage  .    h - ring of see invisible
rCorr   .                        (no ring)
Will    .....                    (no ring)
Stlth   +++                      (no ring)
HPRegen 0.25/turn                (no ring)
MPRegen 0.11/turn                (no ring)
                                 (no ring)
                                 (no ring)

@: brilliant, lethally poisoned (-7 -> -46)
A: almost no armour, amphibious, 8 rings, camouflage 1, gelatinous body 1,
(nimble swimmer 1), tentacles
a: no special abilities


You were on level 3 of the Dungeon.
You visited 1 branch of the dungeon, and saw 3 of its levels.

You collected 188 gold pieces.

Inventory:

Hand Weapons
 b - a +0 sling
Missiles
 c - 8 poisoned darts
 g - 7 boomerangs of dispersal
 j - 6 boomerangs
Jewellery
 h - a ring of see invisible (left tentacle)
Wands
 s - a wand of paralysis (6)
Scrolls
 a - 2 scrolls of blinking
 d - 3 scrolls of identify {unknown}
 e - 4 scrolls of teleportation {unknown}
 l - a scroll of enchant weapon {unknown}
 m - 2 scrolls of vulnerability {unknown}
 n - a scroll of silence {unknown}
 p - a scroll of poison {unknown}
 q - a scroll of noise {unknown}
 r - a scroll of immolation {unknown}
Potions
 i - 2 potions of cancellation
 k - a potion of curing {unknown}
 o - a potion of resistance {unknown}
 t - a potion of haste {unknown}


   Skills:
 + Level 2.6 Fighting
 * Level 1.4 Ranged Weapons
 + Level 1.9 Throwing
 + Level 3.0 Dodging
 * Level 3.2 Stealth
 + Level 2.4 Unarmed Combat
 + Level 2.3 Spellcasting
 + Level 3.3 Translocations


You had one spell level left.
You knew the following spells:

 Your Spells              Type           Power      Damage    Failure   Level
a - Blink                 Tloc           34%        N/A       9%          2
b - Lesser Beckoning      Tloc           34%        N/A       9%          2
c - Teleport Other        Tloc           17%        N/A       16%         3

Your spell library contained the following spells:

 Spells                   Type           Power      Damage    Failure   Level
 Vhi's Electric Charge    Tloc/Air       20%        N/A       32%         3
 Manifold Assault         Tloc           17%        N/A       47%         4
 Frozen Ramparts          Ice            4%         1d1       54%         3
 Ice Form                 Ice/Tmut       2%         N/A       91%         4
 Summon Ice Beast         Ice/Summ       2%         N/A       91%         4


Dungeon Overview and Level Annotations

Branches:
Dungeon (3/15)

Altars:
Wu Jian

Shops:
D:2 [

Annotations:
D:3 3 runed translucent doors, Ijyb; NateTC's ghost, amateur FoFi


Innate Abilities, Weirdness & Mutations

You cannot wear most types of armour.
You are amphibious.
You can wear up to eight rings at the same time.
Your skin changes colour to match your surroundings (Stealth+).
Your rubbery body absorbs attacks. (AC +1, EV +1)
((You are camouflaged when in or above water. (Stealth+)))
You have tentacles for arms and can constrict up to eight enemies at once.


Message History

You shoot a sling bullet. The sling bullet closely misses Ijyb.
Ijyb zaps a wand.
You hear a grinding noise.
You shoot a sling bullet. The sling bullet closely misses Ijyb.
The rat bites you.
You are now empty-tentacled.
You closely miss the rat. You grab the rat.
Your tentacle-slap misses the rat.
You constrict the rat.
A ball python comes into view.
The rat completely misses you.
You tentacle-slap the rat.
You kill the rat!
The ball python barely misses you. The ball python closely misses you.
You tentacle-slap the ball python. Your grab misses the ball python.
You squeeze the ball python.
You kill the ball python!
Ijyb zaps a wand.
Some rock shatters into small pieces.
b - a +0 sling (weapon)
You shoot a sling bullet. The sling bullet barely misses Ijyb.
You are now empty-tentacled.
You tentacle-slap Ijyb but do no damage.
Your grab misses Ijyb. Your squeeze misses Ijyb.
Ijyb hits you with a +2 dagger of venom.
You are poisoned.
You closely miss Ijyb. Your grab misses Ijyb.
You feel sick.
Ijyb hits you with a +2 dagger of venom.
You are more poisoned.
You closely miss Ijyb. Your grab misses Ijyb. Your squeeze misses Ijyb.
You feel very sick.
Ijyb hits you with a +2 dagger of venom.
You are more poisoned.
It was a potion of cancellation.
You feel magically purged.
* * * LOW HITPOINT WARNING * * *
You feel very sick.
Ijyb hits you with a +2 dagger of venom.
* * * LOW HITPOINT WARNING * * *
You are more poisoned.
It was a potion of brilliance.
You feel clever all of a sudden.
You die...

###'#......#
#..#.............#
#.#..###.#####...............#
#.#..............#...........#
#.#.####.#####.#.#.#.........#
#.#.)..#.###......>#.........#
#.#.##.#.....#.#.............#
#.####.####..#.####......####
#......#.....†............
########..#..g@.......
........+.....###
....###.......# .. #.#.....#
#.#.....# #.#.....# #.#......
#.#.....##


You could see Ijyb.

Vanquished Creatures
  Jessica (D:3)
  An orc wizard (D:3)
  5 adders (D:2)
  A worm (D:3)
  A dart slug (D:1)
  3 orcs (D:3)
  8 ball pythons
  2 bats
  2 endoplasms (D:1)
  2 giant cockroaches
  6 goblins
  5 hobgoblins
  2 jackals (D:2)
  2 quokkas
  2 frilled lizards
  13 kobolds
  6 rats
62 creatures vanquished.

Notes
Turn   | Place    | Note
-------+----------+-------------------------------------------
     0 | D:1      | BlueFish the Octopode Warper began the quest for the Orb.
     0 | D:1      | Reached XP level 1. HP: 14/14 MP: 3/3
   190 | D:1      | Reached skill level 1 in Stealth
   190 | D:1      | Reached XP level 2. HP: 15/19 MP: 5/5
   407 | D:1      | Learned a level 2 spell: Blink
   410 | D:1      | Learned a level 2 spell: Lesser Beckoning
   511 | D:1      | Reached XP level 3. HP: 22/24 MP: 6/6
  1242 | D:2      | Reached XP level 4. HP: 25/30 MP: 7/7
  1396 | D:2      | Found Gicsod's Antique Armour Boutique.
  1578 | D:2      | Reached skill level 1 in Ranged Weapons
  1671 | D:2      | Learned a level 3 spell: Teleport Other
  1835 | D:3      | Noticed Jessica
  1847 | D:3      | Killed Jessica
  1848 | D:3      | Reached XP level 5. HP: 30/35 MP: 8/8
  1908 | D:3      | Found an ornate altar of the Wu Jian Council.
  2056 | D:3      | Found a runed translucent gate.
  2056 | D:3      | Found a runed translucent gate.
  2056 | D:3      | Found a runed translucent gate.
  2058 | D:3      | Noticed NateTC's ghost (amateur FoFi)
  2096 | D:3      | Noticed Ijyb
  2113 | D:3      | HP: 1/35 [Ijyb/+2 dagger of venom (6)]
  2114 | D:3      | Succumbed to Ijyb's poison

Illustrated notes

Levels and vault maps discovered:
D:1:      saegor_arrival_simple_a, layout_loops_ring
D:2:      layout_basic, serial_shops, nicolae_shop_hallway_stairs,
          minmay_joined_circles
D:3:      layout_basic, nicolae_wu_jian_wuxing_cycle,
          grunt_temple_overflow_order_and_chaos_1, ebering_ghost_rock_garden,
          uniq_ijyb, uniq_jessica

Skill      XL: |  1  2  3  4 |
---------------+-------------+-----
Stealth        | 1 2 3 |  3.2
Ranged Weapons | 1 |  1.4
Dodging        | 3 |  3.0
Fighting       | |  2.6
Throwing       | |  1.9
Unarmed Combat | |  2.4
Spellcasting   | |  2.3
Translocations | |  3.3

Action                     |  1- 3 |  4- 6 || total
---------------------------+-------+-------++-------
  Melee: Unarmed           |    75 |    68 ||   143
         Constrict         |    16 |    20 ||    36
         Punch             |     1 |     1 ||     2
         Tentacles         |    16 |    17 ||    33
   Fire: Sling             |    22 |    28 ||    50
    Use: Potion            |       |     2 ||     2
   Stab: Sleeping          |     2 |     1 ||     3
 Armour: Skin              |     7 |     2 ||     9
  Dodge: Dodged            |    32 |    30 ||    62

Table legend: (Time is in decaauts)
 A = Elapsed time spent in this place.
 B = Non-inter-level travel time spent in this place.
 C = Inter-level travel time spent in this place.
 D = Time resting spent in this place.
 E = Time spent auto-exploring this place.
 F = Levels seen in this place.
 G = Mean time per level.
                   A        B        C        D        E       F      G
               +--------+--------+--------+--------+--------+-----+--------+
         Total |   2103 |   2060 |     43 |     23 |   1624 |   3 |  701.0 |
       Dungeon |   2103 |   2060 |     43 |     23 |   1624 |   3 |  701.0 |
               +--------+--------+--------+--------+--------+-----+--------+

Top non-repeatable levels by time:
     D:2: 855 daAuts
     D:1: 841 daAuts
     D:3: 406 daAuts
